 Dungeon Crawl Stone Soup version 0.29.0-4-gdea44cf6ec (webtiles) character file.

Game seed: 10382794598051034335

42 qw the Chopper (level 3, -1/21 HPs)
             Began as a Tengu Warper on Aug 28, 2022.
             Succumbed to a scorpion's poison
             ... on level 3 of the Dungeon.
             The game lasted 00:00:12 (1789 turns).

qw the Chopper (Tengu Warper)                       Turns: 1789, Time: 00:00:12

Health: -1/21      AC:  5    Str: 13    XL:     3   Next: 56%
Magic:  7/7        EV: 11    Int: 13    God:
Gold:   95         SH:  5    Dex: 13    Spells: 6/6 levels left

rFire   . . .      SeeInvis .   Y - +0 hand axe
rCold   . . .      Faith    .   (no shield)
rNeg    . . .      Spirit   .   c - +0 ring mail
rPois   .          Reflect  +   (helmet restricted)
rElec   .          Harm     .   (no cloak)
rCorr   .          Rampage  .   (no gloves)
Will    .....                   (boots unavailable)
Stlth   +.........              f - amulet of reflection
HPRegen 0.07/turn               (no ring)
MPRegen 0.10/turn               (no ring)

@: lethally poisoned (-1 -> -20)
A: beak, talons 3
a: no special abilities


You were on level 3 of the Dungeon.
You visited 1 branch of the dungeon, and saw 3 of its levels.

You collected 165 gold pieces.
You spent 70 gold pieces at shops.


Innate Abilities, Weirdness & Mutations

You have a beak for a mouth.
You have claws for feet.


   Skills:
 - Level 2.0 Fighting
 + Level 4.2 Axes
 - Level 1.0 Throwing
 - Level 1.1 Armour
 - Level 2.1 Dodging
 - Level 2.0 Spellcasting
 - Level 2.4 Translocations


You had 6 spell levels left.
You didn't know any spells.
Your spell library contained the following spells:

 Spells                   Type           Power      Damage    Failure   Level
 Blink                    Tloc           14%        N/A       30%         2
 Gell's Gravitas          Tloc           7%         N/A       52%         3
 Lesser Beckoning         Tloc           7%         N/A       52%         3
 Teleport Other           Tloc           7%         N/A       52%         3
 Manifold Assault         Tloc           7%         N/A       99%         5

Inventory:

Hand Weapons
 d - a +0 club
 Y - a +0 hand axe (weapon)
Armour
 c - a +0 ring mail (worn)
Jewellery
 f - an amulet of reflection (around neck)
Scrolls
 j - 2 scrolls of identify
Potions
 a - a potion of might {unknown}
 e - a potion of invisibility {unknown}
 i - 2 potions of curing

Dungeon Overview and Level Annotations

Branches:
Dungeon (3/15)

Altars:

Shops:
D:1 !   D:3 *


Message History

Found a stone staircase leading up.
Enter note:
Enter note:
Enter note:
Found 3 stones.
A goblin comes into view. It is wielding a +0 club.
The goblin shouts!
You hit the goblin.
You kill the goblin!
A scorpion comes into view.
The scorpion moves out of view.
Enter note: You hit the scorpion.
The scorpion is lightly wounded.
The scorpion closely misses you.
You hit the scorpion. Your kick misses the scorpion.
Your peck misses the scorpion.
The scorpion is moderately wounded.
The scorpion stings you.
You closely miss the scorpion.
You claw the scorpion, but do no damage.
The scorpion is moderately wounded.
The scorpion stings you. The scorpion closely misses you.
You closely miss the scorpion.
The scorpion is moderately wounded.
The scorpion stings you.
You closely miss the scorpion.
The scorpion is moderately wounded.
The scorpion stings you.
You are lethally poisoned!
The scorpion poisons you!
You hit the scorpion. You claw the scorpion!
The scorpion is almost dead.
You feel very sick. You block the scorpion's attack. The scorpion stings you.
You are more poisoned.
The scorpion poisons you!
You closely miss the scorpion. Your kick misses the scorpion.
The scorpion is almost dead.
You die...

.# .
#........#....)..... .#
#........#.......... .#
#........#.......... .#
#........###.#...... ...
######..)....###.... ...
. ###.......#...... .
... #...........#....
.....###.....##.........
#......@..............#.
#......s..............#.
##......#...#........<#+
........#...#...........
............#.........(.
...........#####........
...........#
..####.....#


You could see a scorpion.

Vanquished Creatures
  4 bats (D:1)
  A giant cockroach (D:2)
  9 goblins
  5 hobgoblins
  A quokka (D:1)
  6 ball pythons
  2 frilled lizards
  7 kobolds
  3 rats
38 creatures vanquished.

Vanquished Creatures (others)
  2 fungi (D:2)
  A plant (D:2)
3 creatures vanquished.

Grand Total: 41 creatures vanquished

Notes
Turn   | Place    | Note
-------+----------+-------------------------------------------
     0 | D:1      | qw the Tengu Warper began the quest for the Orb.
     0 | D:1      | Reached XP level 1. HP: 12/12 MP: 4/4
     0 | D:1      | 0 ||| qw: Version: 0.1-a-89-g26bdef1
     0 | D:1      | 0 ||| qw: Game counter: 1701
     0 | D:1      | 0 ||| qw: Always use a shield: true
     0 | D:1      | 0 ||| qw: God list: Okawaru
     0 | D:1      | 0 ||| qw: Allow faded altars: false
     0 | D:1      | 0 ||| qw: Do Orc after D:15 true
     0 | D:1      | 0 ||| qw: Do second Lair branch before Depths: true
     0 | D:1      | 0 ||| qw: Lair rune preference: random
     0 | D:1      | 0 ||| qw: Plans: Normal
     0 | D:1      | 0 ||| PLANNING D:1-11
   296 | D:1      | 296 ||| Stepping ~*~*~tactically~*~*~ (stealth).
   297 | D:1      | 297 ||| Stepping ~*~*~tactically~*~*~ (stealth).
   298 | D:1      | 298 ||| Stepping ~*~*~tactically~*~*~ (stealth).
   336 | D:1      | Reached XP level 2. HP: 16/17 MP: 6/6
   340 | D:1      | Reached skill level 3 in Axes
   406 | D:1      | Found Beinag Suisi's Distillery.
   415 | D:1      | 415 ||| BUYING potion of curing (42 gold).
   415 | D:1      | Bought a potion of curing for 42 gold pieces
   415 | D:1      | 415 ||| SHOPLISTING potion of curing (42 gold, have 37).
   415 | D:1      | 415 ||| SHOPLISTING potion of haste (140 gold, have 37).
   415 | D:1      | 415 ||| SHOPLISTING potion of mutation (112 gold, have 37).
   545 | D:1      | 545 ||| Stepping ~*~*~tactically~*~*~ (stealth).
   553 | D:1      | 553 ||| Stepping ~*~*~tactically~*~*~ (stealth).
   554 | D:1      | 554 ||| Stepping ~*~*~tactically~*~*~ (stealth).
   556 | D:1      | 556 ||| Stepping ~*~*~tactically~*~*~ (stealth).
   557 | D:1      | 557 ||| Stepping ~*~*~tactically~*~*~ (stealth).
   780 | D:1      | 780 ||| DROPPING amulet of magic regeneration.
   781 | D:1      | 781 ||| READING scroll labelled JOSAIW AKAATA.
   782 | D:1      | 782 ||| READING scroll labelled GATOSCHA OMEARU.
   787 | D:1      | 787 ||| READING 2 scrolls labelled LUNIFY WASH.
   788 | D:1      | 788 ||| DROPPING scroll of blinking.
   954 | D:2      | Found a faded altar of an unknown god.
   992 | D:2      | Reached XP level 3. HP: 21/21 MP: 7/7
  1030 | D:2      | 1030 ||| Stepping ~*~*~tactically~*~*~ (stealth).
  1043 | D:2      | 1043 ||| Stepping ~*~*~tactically~*~*~ (stealth).
  1252 | D:2      | Reached skill level 4 in Axes
  1266 | D:2      | 1266 ||| FLEEEEING.
  1326 | D:2      | 1326 ||| Stepping ~*~*~tactically~*~*~ (stealth).
  1574 | D:2      | 1574 ||| UPGRADING to +0 ring mail.
  1584 | D:2      | 1584 ||| DROPPING +0 leather armour.
  1585 | D:2      | 1585 ||| UPGRADING to amulet of reflection.
  1590 | D:2      | 1590 ||| DROPPING ring of magical power.
  1591 | D:2      | 1591 ||| READING 3 scrolls labelled YVEUSS VOCIVOX.
  1592 | D:2      | 1592 ||| DROPPING 2 scrolls of magic mapping.
  1618 | D:3      | Found Hoshreos's General Store.
  1626 | D:3      | 1626 ||| SHOPLISTING +3 leather armour of fire resistance
                  | (336 gold, have 87).
  1626 | D:3      | 1626 ||| BUYING scroll of identify (28 gold).
  1626 | D:3      | Bought a scroll of identify for 28 gold pieces
  1649 | D:3      | 1649 ||| Stepping ~*~*~tactically~*~*~ (stealth).
  1650 | D:3      | 1650 ||| Stepping ~*~*~tactically~*~*~ (stealth).
  1779 | D:3      | Noticed a scorpion
  1788 | D:3      | HP: 4/21 [poisoned by a scorpion]
  1789 | D:3      | Succumbed to a scorpion's poison

Levels and vault maps discovered:
D:1:      sevenhm_arrival_forest_fort_small_3, layout_rooms, serial_shops, shop,
          kennysheep_small_spiral
D:2:      layout_loops_cross, shapermc_ecumenical_altar_ellora
D:3:      layout_basic, serial_shops, shop, uniq_ijyb

Skill      XL: |  1  2  3 |
---------------+----------+-----
Axes           | 3 4 |  4.2
Fighting       | |  2.0
Throwing       | |  1.0
Armour         | |  1.1
Dodging        | |  2.1
Spellcasting   | |  2.0
Translocations | |  2.4

Action                   || total
-------------------------++-------
Melee: Hand axe          ||    80
       Kick              ||    17
       Peck              ||     5
       Punch             ||     1
Throw: Boomerang         ||     7
  Use: Scroll            ||     4
Armor: Leather armour    ||     7
       Ring mail         ||     1
Dodge: Dodged            ||    38
Block: Other             ||     1

Table legend:
 A = Non-vault XP
 B = Vault XP
 C = Vault XP percentage of total XP
 D = Non-vault monster count
 E = Vault monster count
 F = Vault count percentage of total count
                 A         B        C        D         E       F
            +---------+---------+-------+---------+---------+-------
      Total |      61 |       0 |   0.0 |      38 |       0 |   0.0
            +---------+---------+-------+---------+---------+-------
        D:1 |      29 |       0 |   0.0 |      19 |       0 |   0.0
        D:2 |      24 |       0 |   0.0 |      14 |       0 |   0.0
        D:3 |       8 |       0 |   0.0 |       5 |       0 |   0.0
            +---------+---------+-------+---------+---------+-------
